 Dungeon Crawl Stone Soup version 0.27-a0-65-gfb268537a3 (webtiles) character file.

Game seed: 8438191249630415932

67 FalseProphet the Poker (level 3, -13/28 HPs)
             Began as a Demonspawn Gladiator on Jan 8, 2021.
             Killed from afar by an orc (41 damage)
             ... with an exploding inner flame
             ... on level 3 of the Dungeon.
             The game lasted 00:02:29 (2516 turns).

FalseProphet the Poker (Demonspawn Gladiator)       Turns: 2516, Time: 00:02:31

Health: -13/28     AC:  7    Str: 15    XL:     3   Next: 98%
Magic:  3/3        EV: 10    Int: 15    God:
Gold:   147        SH:  0    Dex: 14    Spells: 2/2 levels left

rFire    . . .     SeeInvis .   a - +0 trident
rCold    . . .     Faith    .   (no shield)
rNeg     . . .     Spirit   .   l - +0 scale mail (curse)
rPois    .         Reflect  .   c - +0 helmet
rElec    .         Harm     .   (no cloak)
rCorr    .         Rampage  .   (no gloves)
Will     +....                  (no boots)
Stlth    ..........             g - amulet of inaccuracy (curse)
HPRegen  0.09/turn              e - ring of willpower
MPRegen  0.08/turn              k - +6 ring of intelligence

@: no status effects
A: hooves 1, demonic guardian 1
a: no special abilities


You were on level 3 of the Dungeon.
You visited 1 branch of the dungeon, and saw 3 of its levels.

You collected 147 gold pieces.

Inventory:

Hand Weapons
 a - a +0 trident (weapon)
Missiles
 d - 3 throwing nets (quivered)
Armour
 c - a +0 helmet (worn)
 l - a cursed +0 scale mail (worn)
 q - a +0 scale mail of willpower
Jewellery
 e - a ring of willpower (left hand)
 g - a cursed amulet of inaccuracy (around neck)
 k - a +6 ring of intelligence (right hand)
Scrolls
 m - 3 scrolls of teleportation
 n - a scroll of magic mapping
Potions
 b - 2 potions of heal wounds
 f - a potion of ambrosia
 h - a potion of flight {unknown}
 i - a potion of brilliance
 j - 3 potions of curing
 o - a potion of might {unknown}
 p - a potion of degeneration {unknown}


   Skills:
 + Level 2.5 Fighting
 + Level 3.5 Polearms
 + Level 1.8 Throwing
 + Level 0.4 Armour
 + Level 3.2 Dodging
 + Level 0.2 Stealth


You had 2 spell levels left.
You didn't know any spells.
Your spell library was empty.

Dungeon Overview and Level Annotations

Branches:
Dungeon (3/15)

Altars:


Innate Abilities, Weirdness & Mutations

You have large cloven feet.
A weak demonic guardian rushes to your aid.


Message History

The orc shouts!
An orc is nearby!
An orc is nearby!
As you read the scroll labelled WIWKON KUSUCUW, it crumbles to dust.
The creatures around you are filled with an inner flame!
It was a scroll of immolation.
As you read the scroll of identify, it crumbles to dust.
b - 2 potions of heal wounds
As you read the scroll of identify, it crumbles to dust.
q - a +0 scale mail of willpower You closely miss the orc.
Your kick misses the orc. The orc barely misses you.
You hit the orc but do no damage. Your kick misses the orc.
The orc closely misses you.
You hit the orc.
Flame seeps out of the orc.
The orc is heavily wounded.
The orc is engulfed in blazing flames.
The orc explodes!
The fiery explosion engulfs you!!!
Ouch! That really hurt!
You die...

# #.# ##...## # # ###
#.###.....## ## #
##.###.##.......# ##.
###########.[.##.#.......>.####..
.................'.........+.....
###########...##.#.........####..
# ##.###§##.......## #.. ###
#○###.....## ##. ########@#
##...## #. #........# #'## #.
#.######## #.# #.
#........#####.#### #.
####.###.............######.
#......#.##.####...#........
#.##.#.#.##.# #.....########
#.##........# ##...##
#.####.###### ##.##


There were no monsters in sight!

Vanquished Creatures
  An adder (D:3)
  An ooze (D:2)
  A worm (D:2)
  2 dart slugs (D:1)
  A leopard gecko (D:2)
  5 orcs (D:3)
  2 giant cockroaches
  8 goblins
  7 hobgoblins
  2 kobolds (D:1)
  3 bats
  A frilled lizard (D:2)
  7 rats
41 creatures vanquished.

Notes
Turn   | Place    | Note
-------+----------+-------------------------------------------
     0 | D:1      | FalseProphet the Demonspawn Gladiator began the quest for
                  | the Orb.
     0 | D:1      | Reached XP level 1. HP: 16/16 MP: 1/1
    37 | D:1      | Gained mutation: A weak demonic guardian rushes to your
                  | aid. [demonic ancestry]
    37 | D:1      | Reached XP level 2. HP: 22/22 MP: 2/2
   873 | D:2      | Gained mutation: You have large cloven feet. [demonic
                  | ancestry]
   873 | D:2      | Reached XP level 3. HP: 11/27 MP: 3/3
  2516 | D:3      | Killed from afar by an orc

Illustrated notes

Levels and vault maps discovered:
D:1:      dpeg_arrival_court, layout_basic
D:2:      layout_rooms, minmay_stone_trees_medium, chequers_garden,
          minmay_misc_feat_tiny
D:3:      layout_loops_corners, guppyfry_early_orc_mine

Skill      XL: |  1  2 |
---------------+-------+-----
Dodging        | 3 |  3.2
Polearms       | 3 |  3.5
Fighting       | |  2.5
Throwing       | |  1.8
Armour         | |  0.4
Stealth        | |  0.2

Action                   || total
-------------------------++-------
Melee: Trident           ||   158
       Kick              ||    16
  Use: Scroll            ||     9
       Potion            ||     2
 Stab: Sleeping          ||     1
       Distracted        ||     1
Armor: Scale mail        ||    34
       Leather armour    ||     6
Dodge: Dodged            ||    79

Table legend: (Time is in decaauts)
 A = Elapsed time spent in this place.
 B = Non-inter-level travel time spent in this place.
 C = Inter-level travel time spent in this place.
 D = Time resting spent in this place.
 E = Time spent auto-exploring this place.
 F = Levels seen in this place.
 G = Mean time per level.
                   A        B        C        D        E       F      G
               +--------+--------+--------+--------+--------+-----+--------+
         Total |   2536 |   2501 |     35 |    479 |   1685 |   3 |  845.3 |
       Dungeon |   2536 |   2501 |     35 |    479 |   1685 |   3 |  845.3 |
               +--------+--------+--------+--------+--------+-----+--------+

Top non-repeatable levels by time:
     D:3: 1164 daAuts
     D:2: 884 daAuts
     D:1: 487 daAuts
